Map: Darkness Sanctuary LE

Players

NORTHAMERICA - Winner!

  • Race: Protoss Protoss
  • League: Grandmaster
  • Spawn Location: 1:00

RockAllen

  • Race: Zerg Zerg
  • League: Master
  • Spawn Location: 7:00

VOD

Have the link to the VOD?

Description

Time

  • Played on: July 10, 2018, 1:26 a.m.
  • Length: 6:22
Show
View Real Time Build Order
Export as new Build Order

NORTHAMERICA Protoss - Winner!

Build Orders: 1 Gate Expand, Oracle Opening, Phoenix Opening 

Get SALT Encoding   

  12  0:00  Probe  
  13  0:13  Probe  
  14  0:20  Pylon  
  14  0:25  Probe  
  15  0:35  Probe  
  15  0:42  Gateway  
  16  0:43  Probe  
  17  0:51  Assimilator  
  17  0:52  Probe  
  18  1:04  Probe  
  19  1:16  Probe  
  20  1:28  Nexus  
  20  1:39  Cybernetics Core  
  20  1:42  Probe  
  21  1:49  Assimilator  
  21  1:54  Probe  
  22  2:00  Pylon  
  22  2:06  Probe  
  23  2:09  Adept  
  23  2:18  Probe  
  26  2:28  Stargate  
  26  2:30  Probe  
  26  2:35  Adept  
  29  2:38  Probe x2, Warp Gate  
  31  2:46  Probe  
  31  2:47  Probe  
  33  2:56  Probe  
  33  3:00  Probe  
  33  3:05  Oracle  
  35  3:08  Probe  
  37  3:12  Probe  
  40  3:20  Probe  
  40  3:22  Pylon  
  40  3:24  Probe  
  42  3:31  Pylon  
  42  3:32  Probe  
  43  3:35  Phoenix  
  43  3:37  Probe  
  46  3:51  Probe  
  46  3:54  Twilight Council  
  47  3:56  Probe  
  47  3:59  Shield Battery  
  48  4:02  Resonating Glaives  
  46  4:11  Gateway  
  46  4:13  Gateway  
  46  4:14  Gateway  
  46  4:15  Gateway  
  46  4:27  Gateway  
  46  4:29  Gateway  
  46  4:35  Gateway  
  46  4:38  Gateway  
  46  4:43  Pylon  
  46  4:47  Pylon  
  46  5:05  Adept  
  48  5:09  Adept  
  50  5:15  Adept x3  
  56  5:22  Nexus  
  56  5:24  Adept  
  58  5:30  Adept x2  
  58  5:35  Adept, Pylon  
  62  5:36  Adept x2  
  68  5:43  Adept x2  
  68  5:45  Adept  
  73  5:50  Adept x2  
  73  5:56  Adept x2, Pylon  
  81  5:58  Pylon  
  81  6:06  Adept  
  81  6:07  Adept  
  85  6:15  Adept x3  
Show
View Real Time Build Order
Export as new Build Order

RockAllen Zerg 

Build Orders: Hatch First 

Get SALT Encoding   

  12  0:01  Drone  
  13  0:13  Overlord  
  13  0:17  Drone  
  14  0:32  Drone x2  
  16  0:36  Drone  
  17  0:53  Hatchery  
  17  0:56  Drone  
  17  1:00  Drone  
  18  1:10  Extractor  
  17  1:15  Spawning Pool  
  17  1:16  Drone  
  17  1:26  Drone  
  18  1:33  Drone  
  18  1:39  Drone  
  20  1:53  Overlord  
  20  2:01  Queen  
  20  2:04  Queen  
  20  2:05  Drone  
  20  2:06  Drone  
  26  2:16  Metabolic Boost  
  26  2:17  Drone x2  
  28  2:29  Drone x2  
  30  2:39  Hatchery  
  30  2:41  Drone  
  30  2:43  Zergling x2  
  31  2:46  Zergling x2  
  31  2:50  Overlord  
  32  3:00  Drone, Queen  
  35  3:06  Zergling x2  
  35  3:16  Overlord  
  35  3:22  Drone x5  
  41  3:27  Zergling x4  
  41  3:33  Spore Crawler  
  41  3:45  Queen  
  43  3:50  Drone x2  
  43  3:52  Extractor, Drone  
  43  3:54  Queen  
  43  3:55  Drone  
  48  3:59  Drone x5  
  48  4:00  Drone x2  
  55  4:03  Drone  
  56  4:12  Drone  
  56  4:16  Spore Crawler, Lair  
  56  4:19  Overlord  
  56  4:21  Evolution Chamber  
  56  4:22  Overlord  
  55  4:31  Drone x2  
  55  4:32  Drone  
  55  4:34  Overlord x2  
  58  4:41  Extractor  
  58  4:42  Drone x3  
  58  4:44  Drone x3  
  63  4:46  Drone x2  
  65  4:55  Drone  
  65  4:58  Drone  
  67  5:06  Drone  
  69  5:07  Drone x2  
  69  5:13  Zergling x2  
  69  5:14  Zergling x14  
  78  5:20  Hydralisk Den  
  77  5:25  Drone  
  77  5:26  Drone  
  77  5:28  Overlord  
  79  5:33  Baneling Nest  
  79  5:34  Extractor  
  77  5:49  Zergling x14  
  82  5:50  Zergling x4  
Tags
 
Add a new tag
Caveats
  • Supply blocks, unpowered buildings, or Contaminate may cause inaccurate times.
  • Supply counts are checked every 10 seconds.